 Dungeon Crawl Stone Soup version 0.22-a0-775-ga7d80019b5 (webtiles) character file.

99 Mirvelgyr the Chopper (level 4, 0/58 HPs)
             Began as a Minotaur Berserker on July 18, 2018.
             Was a Believer of Trog.
             Slain by an orc
             ... wielding a +0 trident
              (4 damage)
             ... on level 3 of the Dungeon.
             The game lasted 00:02:23 (2123 turns).

Mirvelgyr the Chopper (Minotaur Berserker)          Turns: 2123, Time: 00:02:23

Health: 0/58       AC:  5    Str: 28    XL:     4   Next: 45%
Magic:  3/3        EV: 11    Int:  4    God:    Trog [**....]
Gold:   104        SH:  0    Dex:  9    Spells: 3/3 levels left

rFire    . . .     SeeInvis .   a - +0 hand axe
rCold    . . .     Gourm    .   (no shield)
rNeg     . . .     Faith    .   o - +0 ring mail
rPois    .         Spirit   .   (helmet restricted)
rElec    .         Reflect  .   (no cloak)
rCorr    .         Harm     .   (no gloves)
MR       .....                  (no boots)
Stlth    ..........             (no amulet)
HPRegen  0.19/turn              (no ring)
MPRegen  0.08/turn              (no ring)

@: berserking, very quick
A: retaliatory headbutt, horns 2
a: Berserk, Trog's Hand, Renounce Religion


You were on level 3 of the Dungeon.
You worshipped Trog.
Trog was pleased with you.
You were not hungry.

You visited 1 branch of the dungeon, and saw 3 of its levels.

You collected 104 gold pieces.

Inventory:

Hand Weapons
 a - a +0 hand axe (weapon)
Armour
 o - a +0 ring mail (worn)
Jewellery
 l - an uncursed ring of resist corrosion {unknown}
Wands
 n - a wand of iceblast (11)
Scrolls
 e - a scroll of immolation {unknown}
 g - a scroll of remove curse {unknown}
 h - 2 scrolls of identify {unknown}
 i - a scroll of random uselessness {unknown}
 k - a scroll of noise {unknown}
Potions
 d - 2 potions of heal wounds {unknown}
 f - 3 potions of curing {unknown}
 j - a potion of brilliance {unknown}
 m - a potion of cancellation {unknown}
Comestibles
 c - 6 rations


   Skills:
 - Level 3.6 Fighting
 + Level 6.4 Axes
 - Level 2.4 Armour
 - Level 2.1 Dodging


You had 3 spell levels left.
You didn't know any spells.
Your spell library was empty.

Dungeon Overview and Level Annotations

Branches:
Dungeon (3/15)

Altars:


Innate Abilities, Weirdness & Mutations

You reflexively headbutt those who attack you in melee.
You have a pair of horns on your head.


Message History

* * * LOW HITPOINT WARNING * * *
A red film seems to cover your vision as you go berserk!
You feel yourself moving faster!
You feel mighty!
You feel quite a bit more hungry. The orc closely misses you.
Something hits you but does no damage.
You miss something. Your headbutt misses something. The orc barely misses you.
Something hits you but does no damage.
You miss something. You closely miss something. The orc barely misses you.
Something hits you but does no damage.
You closely miss something. Something hits you but does no damage.
The orc barely misses you.
You slash something! Your headbutt misses something. You slash something!
Trog accepts your kill.
Trog appreciates your killing of a magic user.
Reactivating autopickup.
You feel a bit more experienced. The orc hits you but does no damage.
The orc hits you with a trident.
You die...

#.#).(......#
#.#.........#
.[#.........##########
###..................#
......#####..........#
####### #..........#
#..........#
#.....))...#
#.....@....#
#.....[o...#
#..........#
#..........#
#...?.....(#
############


You could see an orc.

Vanquished Creatures
  An orc priest (D:3)
  An orc wizard (D:3)
  An adder (D:3)
  3 worms
  3 orcs (D:3)
  A giant cockroach (D:1)
  2 goblins (D:2)
  2 hobgoblins
  A quokka (D:2)
  5 bats
  A frilled lizard (D:2)
  5 kobolds
  2 rats
28 creatures vanquished.

Notes
Turn   | Place    | Note
-------+----------+-------------------------------------------
     0 | D:1      | Mirvelgyr the Minotaur Berserker began the quest for the Orb.
     0 | D:1      | Reached XP level 1. HP: 19/19 MP: 0/0
   251 | D:1      | Reached skill level 4 in Axes
   786 | D:1      | Reached XP level 2. HP: 20/26 MP: 1/1
  1250 | D:2      | Reached skill level 5 in Axes
  1627 | D:2      | Reached XP level 3. HP: 31/31 MP: 2/2
  1807 | D:3      | Reached ** piety under Trog
  2115 | D:3      | Reached skill level 6 in Axes
  2115 | D:3      | Reached XP level 4. HP: 9/39 MP: 3/3
  2123 | D:3      | Slain by an orc

Vault maps used:
D:1:      evilmike_arrival_run_for_it, minmay_misc_feat_alley
D:3:      first_ration

Skill      XL: |  1  2  3 |
---------------+----------+-----
Axes           | 4 5 6 |  6.4
Fighting       | |  3.6
Armour         | |  2.4
Dodging        | |  2.1

Action                   |  1- 3 |  4- 6 || total
-------------------------+-------+-------++-------
Melee: Hand axe          |    79 |     6 ||    85
       Headbutt          |    12 |       ||    12
Invok: Berserk           |       |     1 ||     1
  Eat: Chunk             |     2 |       ||     2
       Ration            |     1 |       ||     1
Armor: Animal skin       |    20 |       ||    20
       Ring mail         |     3 |     4 ||     7
Dodge: Dodged            |    47 |     4 ||    51

Table legend:
 A = Spawn XP
 B = Non-spawn XP
 C = Spawn XP percentage of total XP
 D = Spawn monster count
 E = Non-spawn monster count
 F = Spawn count percentage of total count
 G = Total turns spent on level
                    A         B        C        D         E        F      G
               +---------+---------+-------+---------+---------+-------+---------
         Total |       0 |     142 |   0.0 |       0 |      28 |   0.0 |  2123
               +---------+---------+-------+---------+---------+-------+---------
           D:1 |       0 |      16 |   0.0 |       0 |       8 |   0.0 |   880
           D:2 |       0 |      27 |   0.0 |       0 |      14 |   0.0 |   915
           D:3 |       0 |      99 |   0.0 |       0 |       6 |   0.0 |   328
               +---------+---------+-------+---------+---------+-------+---------
